 Dungeon Crawl Stone Soup version 0.26-a0-753-g4680b4fa2e (webtiles) character file.

Game seed: 16929933225167168197

152 Queen the Skirmisher (level 5, -4/33 HPs)
             Began as a Gargoyle Fighter on Nov 7, 2020.
             Was an Initiate of Gozag.
             Killed from afar by Natasha (9 damage)
             ... with a magic dart
             ... on level 3 of the Dungeon.
             The game lasted 00:06:04 (1999 turns).

Queen the Skirmisher (Gargoyle Fighter)             Turns: 1999, Time: 00:06:04

Health: -4/33      AC: 11    Str: 21    XL:     5   Next: 34%
Magic:  5/5        EV:  7    Int:  8    God:    Gozag
Gold:   146        SH:  9    Dex:  9    Spells: 4/4 levels left

rFire    . . .     SeeInvis .   a - +0 flail
rCold    . . .     Faith    .   c - +0 kite shield
rNeg     + . .     Spirit   .   b - +0 scale mail
rPois    ∞         Reflect  .   (no helmet)
rElec    +         Harm     .   (no cloak)
rCorr    .         Rampage  .   (no gloves)
MR       .....                  (no boots)
Stlth    ..........             (no amulet)
HPRegen  0.11/turn              (no ring)
MPRegen  0.09/turn              (no ring)

@: no status effects
A: negative energy resistance 1, electricity resistance, unbreathing,
petrification resistance, rot immunity, AC +4
a: Potion Petition, Call Merchant, Bribe Branch, Renounce Religion


You were on level 3 of the Dungeon.
You worshipped Gozag.
Gozag was aware of your devotion.
You visited 1 branch of the dungeon, and saw 3 of its levels.

You collected 166 gold pieces.
You paid 20 gold pieces to Gozag.

Inventory:

Hand Weapons
 a - a +0 flail (weapon)
Armour
 b - a +0 scale mail (worn)
 c - a +0 kite shield (worn)
Scrolls
 g - a scroll of enchant weapon {unknown}
 h - 3 scrolls of identify {unknown}
 k - 2 scrolls of magic mapping {unknown}
Potions
 d - 2 potions of might
 e - 2 potions of curing {unknown}
 f - a potion of haste {unknown}
 i - 3 potions of lignification {unknown}
 j - a potion of flight {unknown}
 l - a potion of heal wounds {unknown}
 m - a potion of brilliance {unknown}


   Skills:
 + Level 4.1 Fighting
 * Level 3.7 Maces & Flails
 + Level 4.1 Armour
 + Level 4.0 Shields


You had 4 spell levels left.
You didn't know any spells.
Your spell library was empty.

Dungeon Overview and Level Annotations

Branches:
Dungeon (3/15)

Altars:
Elyvilon
Gozag
Nemelex Xobeh

Annotations:
D:3 Natasha


Innate Abilities, Weirdness & Mutations

You are resistant to torment.
Your stone body is resilient. (AC +4)
You are immune to poison.
You resist negative energy. (rN+)
You are resistant to electric shocks. (rElec)
You can survive without breathing.
You are immune to petrification.
You are immune to rotting.


Message History

Natasha casts a spell at you. The magic dart hits you.
* * * LOW HITPOINT WARNING * * *
Natasha mumbles some strange words.
Natasha stares at you and mumbles some strange words.
The magic dart hits you but does no damage.
You see here a scale mail.
Natasha hisses.
You thump Natasha!
Natasha is almost dead.
Natasha claws you.
* * * LOW HITPOINT WARNING * * *
You miss Natasha.
Natasha is almost dead.
Natasha barely misses you.
Natasha hisses.
Natasha casts a spell at you. The magic dart hits you!
You die...
Your body crumbles into a pile of gold.

.##.....##.##.##.# .
##...###.##.##.###########
.[....##
#......#......5...# ######
#.##.##.#########.#
#.##.##.# #.# #.##.##.#
#># #.##.##.# #.#
..##.##.# #.# #.##.##@#
#.# #.##.##h# ######.#
#.##.##5# #..5.5.#
#.####.###### #....5>#
######.# #.#######.# #.
#.........#
#.#########..#####..


You could see Natasha and a shadow imp (summoned).

Vanquished Creatures
  Natasha (D:3)
  A worker ant zombie (D:2)
  4 gnolls (D:2)
  2 adders
  A worm (D:2)
  2 dart slugs
  A leopard gecko (D:2)
  A ball python (D:1)
  4 bats
  2 giant cockroaches
  6 goblins
  5 hobgoblins
  4 jackals (D:1)
  6 kobolds
  A quokka (D:2)
  7 frilled lizards
  6 rats
54 creatures vanquished.

Notes
Turn   | Place    | Note
-------+----------+-------------------------------------------
     0 | D:1      | Queen the Gargoyle Fighter began the quest for the Orb.
     0 | D:1      | Reached XP level 1. HP: 14/14 MP: 1/1
   121 | D:1      | Reached XP level 2. HP: 16/19 MP: 2/2
   347 | D:1      | Reached XP level 3. HP: 18/23 MP: 3/3
   962 | D:2      | Reached XP level 4. HP: 29/29 MP: 4/4
  1275 | D:2      | Found a white marble altar of Elyvilon.
  1545 | D:2      | Found an opulent altar of Gozag.
  1546 | D:2      | Found a sparkling altar of Nemelex Xobeh.
  1551 | D:2      | Became a worshipper of Gozag Ym Sagoz the Greedy
  1716 | D:3      | Reached XP level 5. HP: 33/33 MP: 5/5
  1875 | D:3      | Noticed Natasha
  1887 | D:3      | Killed Natasha
  1940 | D:3      | Noticed Natasha
  1999 | D:3      | Killed from afar by Natasha

Illustrated notes

Levels and vault maps discovered:
D:1:      dpeg_arrival_short_road, layout_basic, serial_forest,
          infiniplex_forest_lined_corner, infiniplex_forest_corner_1,
          infiniplex_forest_clump_cross, infiniplex_forest_straight_2,
          infiniplex_forest_lined_room_2, infiniplex_forest_lined_corner,
          infiniplex_forest_clump_double, infiniplex_forest_clump_cross,
          minmay_misc_feat_four_crosses
D:2:      layout_basic, grunt_temple_overflow_opulence,
          overflow_temple_1_default
D:3:      layout_loops_ring, lemuel_coloured_pillars_altar, uniq_natasha

Skill      XL: |  1  2  3  4  5 |
---------------+----------------+-----
Maces & Flails | 3 |  3.7
Armour         | 4 |  4.1
Fighting       | 4 |  4.1
Shields        | 4 |  4.0

Action                   |  1- 3 |  4- 6 || total
-------------------------+-------+-------++-------
Melee: Flail             |   132 |    98 ||   230
Armor: Scale mail        |    64 |    49 ||   113
Dodge: Dodged            |    48 |    31 ||    79
Block: Kite shield       |    63 |    39 ||   102

Table legend: (Time is in decaauts)
 A = Elapsed time spent in this place.
 B = Non-inter-level travel time spent in this place.
 C = Inter-level travel time spent in this place.
 D = Time resting spent in this place.
 E = Time spent auto-exploring this place.
 F = Levels seen in this place.
 G = Mean time per level.
                   A        B        C        D        E       F      G
               +--------+--------+--------+--------+--------+-----+--------+
         Total |   2079 |   2010 |     69 |    159 |   1313 |   3 |  693.0 |
       Dungeon |   2079 |   2010 |     69 |    159 |   1313 |   3 |  693.0 |
               +--------+--------+--------+--------+--------+-----+--------+

Top non-repeatable levels by time:
     D:2: 1130 daAuts
     D:1: 636 daAuts
     D:3: 312 daAuts
